 Dungeon Crawl Stone Soup version 0.20-a0-850-ge5a7832 (webtiles) character file.

277 qpzil the Cudgeler (level 6, -1/51 HPs)
             Began as a Hill Orc Fighter on Mar 10, 2017.
             Killed from afar by Dowan (15 damage)
             ... with a stone arrow
             ... on level 4 of the Dungeon.
             The game lasted 00:06:54 (2293 turns).

qpzil the Cudgeler (Hill Orc Fighter)               Turns: 2293, Time: 00:06:55

Health: -1/51      AC:  6    Str: 26    XL:     6   Next: 25%
Magic:  6/6        EV:  5    Int:  8    God:
Gold:   150        SH: 14    Dex: 10    Spells: 5/5 levels left

rFire    . . .     SeeInvis .   a - +0 flail
rCold    + . .     Gourm    .   b - +0 scale mail
rNeg     . . .     Faith    .   q - +0 large shield
rPois    .         Spirit   .   (no helmet)
rElec    .         Reflect  .   (no cloak)
rCorr    .         Harm     .   (no gloves)
MR       .....                  (no boots)
Stlth    ..........             (no amulet)
Regen    0.2/turn               (no ring)
MPRegen  0.1/turn               e - ring of protection from cold

@: mighty
A: no striking features
a: no special abilities


You were on level 4 of the Dungeon.
You were not hungry.

You visited 1 branch of the dungeon, and saw 4 of its levels.

You collected 150 gold pieces.

Inventory:

Hand Weapons
 a - a +0 flail (weapon)
Missiles
 g - 7 needles of sleeping
Armour
 b - a +0 scale mail (worn)
 q - a +0 large shield (worn)
Jewellery
 e - a ring of protection from cold (left hand)
Scrolls
 l - a scroll of remove curse {unknown}
 n - a scroll of immolation {unknown}
 o - 3 scrolls of identify {unknown}
 p - a scroll of teleportation {unknown}
 s - a scroll of enchant armour {unknown}
Potions
 d - a potion of might
 i - a potion of cancellation {unknown}
 j - a potion of lignification {unknown}
 r - a potion of haste {unknown}
Comestibles
 f - 3 bread rations
 k - a meat ration


   Skills:
 - Level 3.6 Fighting
 + Level 7.0 Maces & Flails
 - Level 3.2 Armour
 - Level 3.2 Shields


You had 5 spell levels left.
You didn't know any spells.

Dungeon Overview and Level Annotations

Branches:
Dungeon (4/15)
 Temple: D:4-7

Altars:
The Shining One

Annotations:
D:3 Akrius's ghost, amateur DsWn
D:4 Dowan


Message History

You kill the jackal!
Dowan gestures wildly while chanting.
Dowan blinks!
Dowan casts a spell.
Dowan blinks!
You are too injured to fight recklessly!
You are too injured to fight recklessly!
You are too injured to fight recklessly!
You are too injured to fight recklessly!
You are too injured to fight recklessly!
You thump Dowan!
Dowan is heavily wounded.
Dowan hits you but does no damage.
Dowan casts a spell.
Dowan blinks!
Dowan casts a spell.
Dowan blinks!
Dowan casts a spell at you. The stone arrow hits you!
You die...

####### ##### #.....#
#... #.....###.#####
#
#...[.#<..<...#.#####
+.....).e............
#.......@.###.#.##...
###+#.##......#.#
#.#.##........
#.#.....#######
###..............
.................
.#.#....#.....#.
#.#....#.###.#
#....#.# #


You could see Dowan.

Vanquished Creatures
  Duvessa (D:4)
  An iguana (D:4)
  A worker ant (D:4)
  4 adders
  An ooze (D:1)
  A worm (D:2)
  2 dart slugs
  2 leopard geckos
  3 orcs (D:3)
  5 bats
  2 giant cockroaches (D:1)
  5 hobgoblins
  16 jackals
  6 kobolds
  2 quokkas (D:3)
  4 frilled lizards
  11 goblins
  7 rats
74 creatures vanquished.

Notes
Turn   | Place    | Note
-------+----------+-------------------------------------------
     0 | D:1      | qpzil the Hill Orc Fighter began the quest for the Orb.
     0 | D:1      | Reached XP level 1. HP: 19/19 MP: 1/1
    52 | D:1      | Reached XP level 2. HP: 17/26 MP: 2/2
    81 | D:1      | Reached skill level 3 in Maces & Flails
   433 | D:1      | Reached XP level 3. HP: 26/31 MP: 3/3
   750 | D:1      | Reached skill level 4 in Maces & Flails
   934 | D:2      | Reached XP level 4. HP: 34/39 MP: 4/4
  1355 | D:2      | Reached skill level 5 in Maces & Flails
  1499 | D:2      | Found a glowing golden altar of the Shining One.
  1596 | D:3      | Noticed Akrius's ghost (amateur DsWn)
  2010 | D:3      | Reached XP level 5. HP: 32/45 MP: 5/5
  2139 | D:4      | Reached skill level 6 in Maces & Flails
  2157 | D:4      | Noticed Duvessa
  2160 | D:4      | Noticed Dowan
  2276 | D:4      | Killed Duvessa
  2276 | D:4      | Reached skill level 7 in Maces & Flails
  2276 | D:4      | Reached XP level 6. HP: 13/51 MP: 6/6
  2293 | D:4      | Killed from afar by Dowan

Vault maps used:
D:1:      dpeg_arrival_stone_temple_mockup
D:2:      tso_altar
D:4:      cheibriados_altar_1, ashenzari_altar_1, serial_shops, shop,
          first_bread, hangedman_decor_peaks_small, grunt_ministairs_3,
          uniq_duvessa

Skill      XL: |  1  2  3  4  5 |
---------------+----------------+-----
Maces & Flails | 3 4 5 7 |  7.0
Fighting       | |  3.6
Armour         | |  3.2
Shields        | |  3.2

Action                   |  1- 3 |  4- 6 || total
-------------------------+-------+-------++-------
Melee: Flail             |    94 |   176 ||   270
  Use: Scroll            |       |     2 ||     2
       Potion            |       |     1 ||     1
  Eat: Chunk             |       |     4 ||     4
       Royal jelly       |       |     1 ||     1
Armor: Scale mail        |    48 |    83 ||   131
Dodge: Dodged            |    29 |    48 ||    77
Block: Shield            |    57 |    80 ||   137
       Large shield      |       |    29 ||    29
